 Dungeon Crawl Stone Soup version 0.30.1-11-g7821555f0a (webtiles) character file.

Game seed: 3979640383546038243

1607 SacredBeard the Cleaver (level 8, -2/68 HPs)
             Began as a Hill Orc Fighter on Nov 5, 2023.
             Was a Believer of Beogh.
             Slain by an orc wizard
             ... wielding a +0 flail
              (4 damage)
             ... on level 5 of the Dungeon.
             The game lasted 00:15:28 (4820 turns).

SacredBeard the Cleaver (Hill Orc Fighter)          Turns: 4820, Time: 00:15:29

Health: -2/68      AC: 15    Str: 21    XL:     8   Next: 95%
Magic:  0/12       EV:  5    Int:  8    God:    Beogh [**....]
Gold:   251        SH:  8    Dex: 10    Spells: 7/7 levels left

rFire   . . .        D - +2 hand axe (flame)
rCold   . . .        k - +0 kite shield
rNeg    . . .        b - +0 plate armour
rPois   .            A - +0 helmet
rElec   .            l - +0 cloak
rCorr   .            (no gloves)
SInv    .            j - +0 pair of boots
Will    .....        p - amulet of guardian spirit Stlth
                     (no ring)
HPRegen 0.31/turn    (no ring)
MPRegen 0.13/turn

%: guardian spirit
@: slowed, very slow
A: no striking features
a: Renounce Religion, Smiting


You were on level 5 of the Dungeon.
You worshipped Beogh.
Beogh was pleased with you.
You visited 1 branch of the dungeon, and saw 5 of its levels.

You collected 251 gold pieces.

Inventory:

Hand Weapons
 a - a +0 war axe
 q - a +8 club
 u - a +2 hand axe of flaming
 D - a +2 hand axe of flaming (weapon)
Missiles
 v - 3 boomerangs (quivered)
 H - 4 poisoned darts
Armour
 b - a +0 plate armour (worn)
 j - a +0 pair of boots (worn)
 k - a +0 kite shield (worn)
 l - a +0 cloak (worn)
 A - a +0 helmet (worn)
Jewellery
 p - an amulet of guardian spirit (around neck)
Wands
 y - a wand of flame (30)
Scrolls
 g - 2 scrolls of identify
 h - a scroll of enchant weapon {unknown}
 i - a scroll of poison {unknown}
 m - 2 scrolls of noise
 o - a scroll of teleportation {unknown}
 w - 2 scrolls of fear {unknown}
 B - a scroll of fog {unknown}
 E - a scroll of amnesia {unknown}
 G - 2 scrolls of enchant armour {unknown}
Potions
 c - a potion of mutation {unknown}
 d - 2 potions of might
 f - a potion of lignification {unknown}
 n - a potion of brilliance {unknown}
 r - 2 potions of haste
 s - a potion of resistance {unknown}
 t - 2 potions of ambrosia
 x - 2 potions of cancellation
 z - a potion of attraction {unknown}
 C - a potion of flight {unknown}
 F - a potion of degeneration {unknown}


   Skills:
 - Level 5.0 Fighting
 * Level 10.5 Axes
 - Level 2.0 Throwing
 - Level 4.0 Armour
 - Level 1.0 Dodging
 - Level 4.0 Shields
 - Level 6.0 Invocations
 - Level 3.0 Evocations


You had 7 spell levels left.
You didn't know any spells.
Your spell library contained the following spells:

 Spells                   Type           Power      Damage    Failure   Level
 Inner Flame              Hex/Fire       0%         N/A       100%        3
 Portal Projectile        Hex/Tloc       0%         N/A       100%        3
 Tukima's Dance           Hex            0%         N/A       100%        3
 Flame Wave               Conj/Fire      0%         2d4       100%        4
 Sticky Flame             Conj/Fire      0%         2d3       100%        4
 Blade Hands              Tmut           0%         N/A       100%        5


Dungeon Overview and Level Annotations

Branches:
Dungeon (5/15) Zot: 25059  Temple (0/1) D:5

Altars:
Ashenzari
Dithmenos
Sif Muna
Wu Jian
Zin
The Shining One

Shops:
D:2 ?


Message History

Aiming: Throw Flame
Press: ? - help, Shift-Dir - straight line, f/p - hornet
Aim: a hornet (almost dead, 57% to hit)
The puff of flame misses the hornet.
The puff of flame hits something.
The hornet closely misses you.
The hornet stings you but does no damage.
The hornet stings you.
* * * LOW HITPOINT WARNING * * *
You feel as though you will be slow longer.
Aiming: Throw Flame
Press: ? - help, Shift-Dir - straight line, f/p - hornet
Aim: a hornet (almost dead, 57% to hit)
The puff of flame hits the hornet but does no damage.
The hornet is almost dead.
The hornet barely misses you. The hornet stings you.
You feel as though you will be slow longer.
Aiming: Throw Flame
Press: ? - help, Shift-Dir - straight line, f/p - hornet
Aim: a hornet (almost dead, 57% to hit)
The puff of flame hits the hornet but does no damage.
The hornet is almost dead.
You block the hornet's attack. x2
Aiming: Throw Flame
Press: ? - help, Shift-Dir - straight line, f/p - hornet
Aim: a hornet (almost dead, 57% to hit)
The puff of flame hits the hornet!
You kill the hornet!
Beogh accepts your kill. You block something's attack.
Training target 6.0 for Invocations reached!
Your Axes skill increases to level 10!
Your Invocations skill increases to level 6!
You miss something. You block something's attack.
You hit something but do no damage. Something hits you.
* * * LOW HITPOINT WARNING * * *
Something hits you.
* * * LOW HITPOINT WARNING * * *
You miss something. Something hits you.
You die...
Beogh appreciates something's killing of a heretic priest.

#.........#.# #.......#.....#..o.
#.........#.# #.###.#####.#####o#
............###.#.....#.....# .(.
..#######.####..#.#.#.#.....#....
..#.### #.##.......#.....o.....8
..#...# #.##....#.#.#.#.....#...
###...# #.#.....#.....#.....# s.
###...###.#.....###.#####.### .
..........#.....@))...# )o.
....#.#####.....###...# ..o#
....#'###......)# #.#..$.:..[.
#.#.............# #.#.#.....#.
#...............# #.#.#..!.
#...................# # #.#
#.........#########.. ..
..........# ### ##........#


There were no monsters in sight!

Vanquished Creatures
  A hornet (D:5)
  Prince Ribbit (D:5)
  Grinder (D:4)
  Eustachio (D:5)
  An ogre (D:4)
  A phantom (D:5)
  2 scorpions
  3 wights
  2 hounds (D:4)
  2 orc priests
  4 iguanas (D:4)
  Jessica (D:3)
  Robin (D:4)
  9 adders
  A white imp (D:5)
  An ufetubus (D:5)
  3 worms
  A dart slug (D:2)
  14 orcs
  10 ball pythons
  6 bats
  7 endoplasms
  4 giant cockroaches
  8 hobgoblins
  5 kobolds
  4 quokkas
  3 frilled lizards
  13 goblins
  6 rats
116 creatures vanquished.

Vanquished Creatures (others)
  An ufetubus (D:3)
  A ball python (D:3)
2 creatures vanquished.

Grand Total: 118 creatures vanquished

Notes
Turn   | Place    | Note
-------+----------+-------------------------------------------
     0 | D:1      | SacredBeard the Hill Orc Fighter began the quest for the
                  | Orb.
     0 | D:1      | Reached XP level 1. HP: 19/19 MP: 1/1
   220 | D:1      | Reached skill level 3 in Axes
   221 | D:1      | Reached XP level 2. HP: 27/27 MP: 2/2
   494 | D:1      | Reached XP level 3. HP: 27/33 MP: 3/3
   708 | D:2      | Found a faded altar of an unknown god.
  1109 | D:2      | Found Gewyte's Magic Scroll Boutique.
  1371 | D:2      | Reached skill level 1 in Dodging
  1371 | D:2      | Reached XP level 4. HP: 40/40 MP: 4/4
  1582 | D:3      | Reached skill level 4 in Axes
  1597 | D:3      | Noticed Jessica
  1601 | D:3      | Killed Jessica
  1724 | D:3      | Became a worshipper of Beogh the Brigand
  1825 | D:3      | Reached XP level 5. HP: 46/47 MP: 5/5
  1896 | D:3      | Found a glowing golden altar of the Shining One.
  2000 | D:3      | Found a glowing silver altar of Zin.
  2086 | D:3      | Found a broken altar of Ashenzari.
  2299 | D:4      | Found a shadowy altar of Dithmenos.
  2339 | D:4      | Reached skill level 1 in Invocations
  2418 | D:4      | Noticed Robin
  2421 | D:4      | Reached skill level 5 in Axes
  2466 | D:3      | Reached * piety under Beogh
  2501 | D:4      | Killed Robin
  2523 | D:4      | Reached XP level 6. HP: 51/53 MP: 5/7
  2557 | D:4      | Reached skill level 1 in Throwing
  2808 | D:4      | Reached skill level 5 in Fighting
  2808 | D:4      | Reached skill level 6 in Axes
  3082 | D:4      | Reached XP level 7. HP: 61/61 MP: 9/9
  3246 | D:4      | Found a shimmering blue altar of Sif Muna.
  3523 | D:4      | Found an ornate altar of the Wu Jian Council.
  3801 | D:5      | Entered Level 5 of the Dungeon
  3882 | D:5      | Reached skill level 7 in Axes
  4066 | D:4      | Reached skill level 1 in Evocations
  4132 | D:5      | Noticed Eustachio
  4132 | D:5      | Noticed Grinder
  4148 | D:4      | Paralysed by Grinder for 4 turns
  4159 | D:4      | Killed Grinder
  4160 | D:4      | Reached skill level 8 in Axes
  4160 | D:4      | Reached XP level 8. HP: 63/68 MP: 8/11
  4169 | D:5      | Killed Eustachio
  4351 | D:5      | Noticed Prince Ribbit
  4359 | D:5      | Killed Prince Ribbit
  4360 | D:5      | Reached skill level 9 in Axes
  4360 | D:5      | Reached skill level 5 in Invocations
  4412 | D:5      | Noticed a hornet
  4648 | D:5      | Found a staircase to the Ecumenical Temple.
  4728 | D:5      | Reached ** piety under Beogh
  4809 | D:5      | HP: 1/68 [hornet (10)]
  4810 | D:5      | Paralysed by a hornet for 3 turns
  4817 | D:5      | Killed a hornet
  4818 | D:5      | Reached skill level 10 in Axes
  4819 | D:5      | HP: 1/68 [something (4)]
  4820 | D:5      | Slain by an orc wizard

Illustrated notes

Levels and vault maps discovered:
D:1:      minmay_arrival_stone_box, layout_basic, serial_rivers,
          chequers_serial_rivers_small_3, chequers_serial_rivers_large_a,
          chequers_serial_rivers_room_b, chequers_serial_rivers_micro_c,
          chequers_serial_rivers_large_b
D:2:      layout_loops_corners, serial_shops, shop_scrolls,
          chequers_ecumenical_altar_simple_redux, dk_noncrumbling_4
D:3:      layout_rooms, zin_scriptorium, overflow_temple_1_default,
          mainiacjoe_overflow_paths, uniq_jessica
D:4:      layout_gridville, led_sif_pool, nicolae_wu_jian_glorious_leap,
          mainiacjoe_overflow_alcove_4, uniq_robin
D:5:      layout_basic, mainiacjoe_overflow_concentric_impassable,
          temple_fountains, serial_curves, eino_curves_03, eino_curves_01,
          minmay_chambers_of_fives, uniq_eustachio, uniq_grinder, uniq_edmund,
          uniq_prince_ribbit1

Skill      XL: |  1  2  3  4  5  6  7  8 |
---------------+-------------------------+-----
Axes           | 3 4 5 6 8 10 | 10.5
Fighting       | 4 5 |  5.0
Dodging        | 1 |  1.0
Armour         | 4 |  4.0
Shields        | 4 |  4.0
Invocations    | 1 2 4 6 |  6.0
Throwing       | 1 2 |  2.0
Evocations     | 2 3 |  3.0

Action                     |  1- 3 |  4- 6 |  7- 9 || total
---------------------------+-------+-------+-------++-------
  Melee: War axe           |   107 |    15 |       ||   122
         Club              |       |    70 |       ||    70
         Hand axe          |       |    56 |   133 ||   189
  Throw: Boomerang         |       |       |     3 ||     3
 Invoke: Convert to Beogh  |       |     1 |       ||     1
  Evoke: Wand              |       |       |    26 ||    26
    Use: Scroll            |       |       |     5 ||     5
         Potion            |       |       |     2 ||     2
 Armour: Scale mail        |    49 |    76 |       ||   125
         Chain mail        |       |     6 |    15 ||    21
         Plate armour      |       |       |    46 ||    46
  Dodge: Dodged            |    50 |    68 |    33 ||   151
  Block: Buckler           |    24 |    27 |     6 ||    57
         Kite shield       |       |       |    43 ||    43
